 Dungeon Crawl Stone Soup version 0.18-a0-1147-g8e8348b (webtiles) character file.

378 RedPan the Magician (level 6, -3/45 HPs)
             Began as a Draconian Fire Elementalist on Jan 22, 2016.
             Killed from afar by Blork the orc (10 damage)
             ... with a puff of flame
             ... on level 4 of the Dungeon.
             The game lasted 00:17:06 (4770 turns).

RedPan the Magician (Draconian Fire Elementalist)   Turns: 4770, Time: 00:17:06

Health: -3/45      AC:  7    Str: 11    XL:     6   Next: 45%
Magic:  3/13       EV: 12    Int: 19    God:
Gold:   131        SH:  0    Dex: 11    Spells: 2 memorised, 12 levels left

rFire  . . .     SeeInvis .     c - +0 whip
rCold  . . .     Gourm    .     (armour unavailable)
rNeg   . . .     Faith    .     (no shield)
rPois  .         Spirit   .     (helmet restricted)
rElec  .         Dismiss  .     o - +0 cloak
rCorr  .         Reflect  .     (no gloves)
SustAt +         Harm     .     (no boots)
MR     .....                    (no amulet)
Stlth  ++........               (no ring)
                                p - ring of sustain attributes

@: flying, not resistant to hostile enchantments, unstealthy
A: unfitting armour, big wings, stinger 1, clever 1, cold-blooded, AC +6
a: Stop Flying


You were on level 4 of the Dungeon.
You were not hungry.

You visited 1 branch of the dungeon, and saw 4 of its levels.

You collected 131 gold pieces.

Inventory:

Hand Weapons
 c - a +0 whip (weapon)
Armour
 f - a +0 cloak
 o - a +0 cloak (worn)
Jewellery
 p - a ring of sustain attributes (left hand)
Wands
 n - a wand of slowing (34/48)
Scrolls
 g - a scroll of immolation {unknown}
 h - a scroll of fear {unknown}
 i - a scroll of magic mapping {unknown}
 l - a scroll of identify {unknown}
 m - a scroll of noise {unknown}
 r - a scroll of remove curse {unknown}
Potions
 e - 2 potions of mutation
 q - 2 potions of haste {unknown}
Books
 a - a book of Flames

   Spells                             Type                      Level
   a - Flame Tongue                   Conjuration/Fire             1
   b - Throw Flame                    Conjuration/Fire             2
   c - Conjure Flame                  Conjuration/Fire             3
   d - Inner Flame                    Hexes/Fire                   3
   e - Sticky Flame                   Conjuration/Fire             4
   f - Fireball                       Conjuration/Fire             5
 j - a book of Conjurations

   Spells                             Type                      Level
   a - Magic Dart                     Conjuration                  1
   b - Searing Ray                    Conjuration                  2
   c - Dazzling Spray                 Conjuration/Hexes            3
   d - Fulminant Prism                Conjuration/Hexes            4
   e - Iskenderun's Mystic Blast      Conjuration                  4
   f - Iskenderun's Battlesphere      Conjuration/Charms           5
Comestibles
 b - 3 bread rations
 k - a meat ration


   Skills:
 + Level 0.2 Fighting
 * Level 0.6 Maces & Flails
 - Level 1.7 Dodging
 - Level 1.7 Stealth
 - Level 5.0 Spellcasting
 - Level 1.0 Conjurations
 - Level 5.0 Fire Magic


You had 12 spell levels left.
You knew the following spells:

 Your Spells              Type           Power        Failure   Level  Hunger
a - Flame Tongue          Conj/Fire      ###..        4%          1    None
b - Throw Flame           Conj/Fire      ###...       8%          2    #......


Dungeon Overview and Level Annotations

Branches:
Dungeon (4/15)
 Temple: D:4-7

Altars:
Yredelemnul

Annotations:
D:4 Blork the orc


Innate Abilities, Weirdness & Mutations

Your plain brown scales are hard (AC +6).
Your body does not fit into most forms of armour.
You are cold-blooded and may be slowed by cold attacks.
Your large and strong wings let you fly indefinitely.
Your tail ends in a poisonous barb.
Your mind is acute. (Int +2)


Message History

Blork the orc mumbles some strange words.
Blork the orc flickers and vanishes!
Deactivating autopickup; reactivate with Ctrl-A.
No target in view!
You miss something. Something hits you.
You closely miss something. Something hits you! Something hits you.
Something hits you! Something hits you.
* * * LOW HITPOINT WARNING * * *
You hear some strange, mumbled words.
A puff of flame appears from out of thin air!
The puff of flame hits you!
A jackal comes into view.
The jackal barks!
A magic dart appears from out of thin air!
The magic dart hits you!
* * * LOW HITPOINT WARNING * * *
A puff of flame appears from out of thin air!
The puff of flame hits you!
You die...

####..........###########.
#......########
######...## ####
####..##..... #.<......#
.....###.#### #### #...###
#.....###### #......@...#
#.....####{# #.....# #.##
#>....# #..# #.#.###
##.######.. ......
#h#.......
###.##.#.####......... ..
#.........##.#.#.
..####.#......#


There were no monsters in sight!

Vanquished Creatures
  Crazy Yiuf (D:2)
  An orc wizard (D:3)
  Ijyb (D:2)
  Natasha (twice) (D:2)
  Terence (D:2)
  4 gnolls (D:3)
  9 adders
  3 worms
  4 giant geckos
  10 orcs (D:3)
  9 bats
  2 giant cockroaches
  10 goblins
  9 hobgoblins
  4 jackals (D:1)
  A quokka (D:2)
  2 ball pythons (D:2)
  5 giant newts
  3 kobolds
  11 rats
92 creatures vanquished.

Notes
Turn   | Place    | Note
--------------------------------------------------------------
     0 | D:1      | RedPan the Draconian Fire Elementalist began the quest for the Orb.
     0 | D:1      | Reached XP level 1. HP: 14/14 MP: 3/3
   250 | D:1      | Reached XP level 2. HP: 8/20 MP: 5/5
   853 | D:1      | Learned a level 2 spell: Throw Flame
  1409 | D:2      | Found a basalt altar of Yredelemnul.
  1448 | D:2      | Noticed Terence
  1456 | D:2      | Reached XP level 3. HP: 11/26 MP: 4/7
  1499 | D:2      | Killed Terence
  1793 | D:2      | Reached skill level 4 in Spellcasting
  1971 | D:2      | Reached XP level 4. HP: 33/33 MP: 5/10
  2095 | D:2      | Noticed Natasha
  2100 | D:2      | Killed Natasha
  2166 | D:2      | Noticed Ijyb
  2176 | D:2      | Killed Ijyb
  2410 | D:2      | Reached XP level 5. HP: 38/38 MP: 12/12
  2453 | D:2      | Noticed Natasha
  2463 | D:2      | Killed Natasha
  2463 | D:2      | Reached skill level 5 in Spellcasting
  2646 | D:2      | Noticed Crazy Yiuf
  2657 | D:2      | Killed Crazy Yiuf
  2976 | D:2      | Gained mutation: Your tail ends in a poisonous barb. [potion of mutation]
  2976 | D:2      | Gained mutation: Your mind is acute. (Int +2) [potion of mutation]
  2976 | D:2      | Gained mutation: Your large and strong wings let you fly indefinitely. [potion of mutation]
  3630 | D:3      | Reached XP level 6. HP: 29/45 MP: 13/13
  4082 | D:3      | Reached skill level 5 in Fire Magic
  4748 | D:4      | Noticed Blork the orc
  4770 | D:4      | Killed from afar by Blork the orc

Vault maps used:
D:1:      dpeg_arrival_three_smaller_balls, hangedman_abyss_or_decor_stabs
D:2:      old_standard_altar, first_bread, st_stairs_14, uniq_terence,
          uniq_crazy_yiuf_cottage, uniq_natasha, uniq_iyjb
D:4:      black_bear_nest_1, uniq_blork_the_orc

Action                   |  1- 3 |  4- 6 || total
-------------------------+-------+-------++-------
Melee: Whip              |   127 |   171 ||   298
 Cast: Flame Tongue      |    24 |    55 ||    79
       Throw Flame       |     3 |    26 ||    29
 Abil: Fly               |       |     1 ||     1
  Use: Scroll            |       |     1 ||     1
       Potion            |       |     1 ||     1
 Stab: Sleeping          |     2 |     6 ||     8
  Eat: Chunk             |     4 |     8 ||    12
       Pizza             |       |     1 ||     1
